 Dungeon Crawl Stone Soup version 0.25-a0-939-g1e880d33e3 (webtiles) character file.

Game seed: 2768249606754350428, levelgen mode: deterministic

1609161 1994 the Hill Orc Cataclysm (level 27, 245/245 HPs)
             Began as a Hill Orc Fighter on May 5, 2020.
             Was a High Priest of Qazlal.
             Escaped with the Orb
             ... and 3 runes!
             The game lasted 04:41:26 (87724 turns).

1994 the Hill Orc Cataclysm (Hill Orc Fighter)     Turns: 87724, Time: 04:41:27

Health: 245/245    AC: 47    Str: 31    XL:     27
Magic:  49/49      EV: 20    Int: 11    God:    Qazlal [*****.]
Gold:   7804       SH: 38    Dex: 14    Spells: 23/26 levels left

rFire    + . .     SeeInvis .   a - +9 broad axe (flame)
rCold    + + .     Gourm    .   L - +2 tower shield
rNeg     + . .     Faith    .   W - +10 pearl dragon scales
rPois    +         Spirit   .   J - +2 helmet
rElec    .         Reflect  +   t - +2 cloak {rPois}
rCorr    .         Harm     .   h - +1 pair of gloves {Dex+3}
MR       +++..                  c - +1 pair of boots {Stlth+}
Stlth    +.........             K - amulet "Magiy" {Reflect rC+ Int+3 SH+3}
HPRegen  0.50/turn              y - ring of protection from magic
MPRegen  0.31/turn              V - ring "Zomaiwnu" {rF+ rC+ MP+9}

@: repel missiles
A: fangs 1, hooves 1, slimy green scales 1, blurry vision 2, frail 1, poison
resistance
0: Orb of Zot
}: 3/15 runes: serpentine, barnacled, silver
a: Upheaval, Elemental Force, Disaster Area, Renounce Religion


You escaped.
You worshipped Qazlal.
Qazlal was extremely pleased with you.
You were very full.

You visited 12 branches of the dungeon, and saw 54 of its levels.
You visited 2 bazaars.
You also visited: Sewer, Ossuary, Gauntlet, Ice Cave and Volcano.

You collected 12207 gold pieces.
You spent 4403 gold pieces at shops.

Inventory:

Hand Weapons
 a - a +9 broad axe of flaming (weapon)
 b - a +3 vampiric demon trident
 E - a +2 antimagic war axe
 Y - the +1 demon trident of Imbalance {pain, +Blink rC++}
   (You found it on level 5 of the Vaults)

   In the hands of one skilled in necromantic magic, it inflicts extra damage on
   living creatures.
   It greatly protects you from cold.
   It lets you blink.
Missiles
 p - 114 javelins (quivered)
 G - 21 curare-tipped darts
 T - 7 throwing nets
Armour
 c - a +1 pair of boots of stealth (worn)
 h - a +1 pair of gloves of dexterity (worn)
 t - a +2 cloak of poison resistance (worn)
 J - a +2 helmet (worn)
 L - a +2 tower shield (worn)
 W - +10 pearl dragon scales (worn)
Jewellery
 d - an uncursed ring of protection from magic
 j - the ring "Larenyca" {rElec Str+3 Dex+6 SInv Stlth-}
   (You took it off Boris on level 3 of the Crypt)

   [ring of dexterity]

   It affects your strength (+3).
   It affects your dexterity (+6).
   It insulates you from electricity.
   It lets you see invisible.
   It makes you less stealthy.
 n - the ring "Cagohu" {rPois rN+ Slay+6}
   (You found it on level 3 of the Elven Halls)

   [ring of positive energy]

   It affects your accuracy and damage with ranged weapons and melee attacks
   (+6).
   It protects you from poison.
   It protects you from negative energy.
 y - a ring of protection from magic (left hand)
 K - the amulet "Magiy" (around neck) {Reflect rC+ Int+3 SH+3}
   (You found it on level 3 of the Elven Halls)

   [amulet of reflection]

   It shields you and reflects attacks.
   It affects your intelligence (+3).
   It protects you from cold.
   It affects your SH (+3).
 U - the ring "Rolutzex" {rElec rCorr Dex+3}
   (You found it on level 1 of the Vaults)

   [ring of resist corrosion]

   It affects your dexterity (+3).
   It insulates you from electricity.
   It provides partial protection from all sources of acid and corrosion.
 V - the ring "Zomaiwnu" (right hand) {rF+ rC+ MP+9}
   (You found it on level 3 of the Elven Halls)

   [ring of protection from fire]

   It protects you from fire.
   It protects you from cold.
   It affects your magic capacity (+9).
Wands
 g - a wand of acid (36)
 l - a wand of clouds (8)
 D - a wand of digging (33)
 N - a wand of polymorph (27)
 R - a wand of iceblast (20)
Scrolls
 k - 2 scrolls of summoning
 o - 21 scrolls of remove curse
 q - 6 scrolls of immolation
 r - 24 scrolls of teleportation
 u - 7 scrolls of fog
 v - 12 scrolls of magic mapping
 z - 10 scrolls of fear
 I - 12 scrolls of blinking
 X - 2 scrolls of silence
 Z - 37 scrolls of identify
Potions
 e - 8 potions of might
 i - 16 potions of curing
 m - 4 potions of stabbing
 w - 7 potions of heal wounds
 x - 14 potions of brilliance
 A - 10 potions of lignification
 C - 10 potions of resistance
 F - 6 potions of magic
 H - 3 potions of cancellation
 M - 5 potions of flight
 O - 7 potions of invisibility
 P - 8 potions of haste
 Q - 3 potions of ambrosia
 S - 6 potions of berserk rage
Comestibles
 f - 80 rations
 s - 2 chunks of flesh


   Skills:
 O Level 27 Fighting
 - Level 18.0 Axes
 + Level 24.3 Armour
 + Level 14.9 Dodging
 - Level 25.0 Shields
 + Level 9.5 Translocations
 O Level 27 Invocations
 - Level 7.0 Evocations


You had 23 spell levels left.
You knew the following spells:

 Your Spells              Type           Power        Failure   Level  Hunger
a - Apportation           Tloc           ###...       1%          1    ##.....
b - Blink                 Tloc           N/A          1%          2    ###....

Your spell library contained the following spells:

 Spells                   Type           Power        Failure   Level  Hunger
 Gell's Gravitas          Tloc           ###.......   3%          3    ####...
 Lesser Beckoning         Tloc           ###.......   3%          3    ####...
 Shroud of Golubria       Chrm/Tloc      ##....       12%         2    ###....
 Portal Projectile        Hex/Tloc       ##....       22%         3    ####...
 Recall                   Summ/Tloc      N/A          22%         3    ####...
 Animate Skeleton         Necr           N/A          47%         1    ##.....
 Corona                   Hex            #......      47%         1    ##.....
 Foxfire                  Conj/Fire      #...         47%         1    ##.....
 Freeze                   Ice            #...         47%         1    ##.....
 Infusion                 Chrm           #...         47%         1    ##.....
 Magic Dart               Conj           #...         47%         1    ##.....
 Sandblast                Erth           #.....       47%         1    ##.....
 Sting                    Tmut/Pois      #...         47%         1    ##.....
 Summon Butterflies       Summ           #.......     47%         1    ##.....
 Summon Small Mammal      Summ           #...         47%         1    ##.....
 Iskenderun's Mystic Bla  Conj/Tloc      ##......     58%         4    #####..
 Call Imp                 Summ           #.......     63%         2    ###....
 Corpse Rot               Necr/Air       N/A          63%         2    ###....
 Ensorcelled Hibernation  Hex/Ice        #.....       63%         2    ###....
 Passwall                 Tmut/Erth      #.......     63%         2    ###....
 Poisonous Vapours        Pois/Air       #.....       63%         2    ###....
 Searing Ray              Conj           #.....       63%         2    ###....
 Slow                     Hex            #.......     63%         2    ###....
 Song of Slaying          Chrm           #.......     63%         2    ###....
 Sublimation of Blood     Necr           #.........   63%         2    ###....
 Swiftness                Chrm/Air       #.......     63%         2    ###....
 Call Canine Familiar     Summ           #.......     85%         3    ####...
 Confusing Touch          Hex            #.......     85%         3    ####...
 Conjure Flame            Conj/Fire      #.......     85%         3    ####...
 Dazzling Flash           Conj/Hex       #.....       85%         3    ####...
 Frozen Ramparts          Ice            #.....       85%         3    ####...
 Ignite Poison            Fire/Tmut/Pois #.......     85%         3    ####...
 Inner Flame              Hex/Fire       #.......     85%         3    ####...
 Mephitic Cloud           Conj/Pois/Air  #.......     85%         3    ####...
 Ozocubu's Armour         Chrm/Ice       #.......     85%         3    ####...
 Spectral Weapon          Hex/Chrm       #.......     85%         3    ####...
 Static Discharge         Conj/Air       #.......     85%         3    ####...
 Stone Arrow              Conj/Erth      #.....       85%         3    ####...
 Summon Guardian Golem    Hex/Summ       #.......     85%         3    ####...
 Tukima's Dance           Hex            #.......     85%         3    ####...
 Summon Forest            Summ/Tloc      ##........   91%         5    ######.
 Animate Dead             Necr           N/A          99%         4    #####..
 Cause Fear               Hex            #.........   99%         4    #####..
 Dispel Undead            Necr           #.......     99%         4    #####..
 Fulminant Prism          Conj/Hex       #.........   99%         4    #####..
 Hailstorm                Conj/Ice       #.......     99%         4    #####..
 Leda's Liquefaction      Hex/Erth       #.........   99%         4    #####..
 Olgreb's Toxic Radiance  Pois           #.......     99%         4    #####..
 Petrify                  Tmut/Erth      #.......     99%         4    #####..
 Sticky Flame             Conj/Fire      #.......     99%         4    #####..
 Summon Ice Beast         Ice/Summ       #.......     99%         4    #####..
 Summon Lightning Spire   Summ/Air       #.......     99%         4    #####..
 Agony                    Necr           #.......     100%        5    ######.
 Alistair's Intoxication  Tmut/Pois      #.......     100%        5    ######.
 Bolt of Magma            Conj/Fire/Erth #.........   100%        5    ######.
 Borgnjor's Vile Clutch   Necr/Erth      #.........   100%        5    ######.
 Excruciating Wounds      Chrm/Necr      #.........   100%        5    ######.
 Fireball                 Conj/Fire      #.........   100%        5    ######.
 Irradiate                Conj/Tmut      #.........   100%        5    ######.
 Iskenderun's Battlesphe  Conj/Chrm      #.......     100%        5    ######.
 Lee's Rapid Deconstruct  Erth           #.........   100%        5    ######.
 Lightning Bolt           Conj/Air       #.........   100%        5    ######.
 Metabolic Englaciation   Hex/Ice        #.........   100%        5    ######.
 Silence                  Hex/Air        #.........   100%        5    ######.
 Summon Mana Viper        Hex/Summ       #.......     100%        5    ######.
 Yara's Violent Unravell  Hex/Tmut       #.........   100%        5    ######.
 Darkness                 Hex            #.........   100%        6    #######
 Death Channel            Necr           #.........   100%        6    #######
 Eringya's Noxious Bog    Tmut/Pois      #.........   100%        6    #######
 Freezing Cloud           Conj/Ice/Air   #.........   100%        6    #######
 Hydra Form               Tmut           #.........   100%        6    #######
 Invisibility             Hex            #.......     100%        6    #######
 Iron Shot                Conj/Erth      #.........   100%        6    #######
 Shadow Creatures         Summ           N/A          100%        6    #######
 Simulacrum               Ice/Necr       #.........   100%        6    #######
 Starburst                Conj/Fire      #.........   100%        6    #######
 Statue Form              Tmut/Erth      #........    100%        6    #######
 Dragon Form              Tmut           #.........   100%        7    #######
 Orb of Destruction       Conj           #.........   100%        7    #######
 Ring of Flames           Chrm/Fire      #.........   100%        7    #######
 Spellforged Servitor     Conj/Summ      #.........   100%        7    #######
 Summon Hydra             Summ           #.........   100%        7    #######
 Discord                  Hex            #.........   100%        8    #######
 Ignition                 Fire           #.........   100%        8    #######
 Shatter                  Erth           #.........   100%        9    #######
 Tornado                  Air            #.........   100%        9    #######


Dungeon Overview and Level Annotations

Branches:
Dungeon (15/15)            Temple (1/1) D:5            Lair (6/6) D:9
 Shoals (4/4) Lair:3        Snake (4/4) Lair:2        Slime (0/5) Lair:6
    Orc (2/2) D:10            Elf (3/3) Orc:2        Vaults (5/5) D:13
  Crypt (3/3) Vaults:3       Tomb (0/3) Crypt:3      Depths (5/5) D:15
   Hell (visited)             Zot (5/5) Depths:5      Sewer (visited)
Ossuary (visited)           IceCv (visited)         Volcano (visited)
Gauntlet (visited)
    Dis: Hell:1         Geh: Hell:1         Coc: Hell:1         Tar: Hell:1

Altars:
Ashenzari
Cheibriados
Dithmenos
Elyvilon
Fedhas
Gozag
Hepliaklqana
Kikubaaqudgha
Makhleb
Nemelex Xobeh
Okawaru
Qazlal
Ru
Sif Muna
Trog
Uskayaw
Vehumet
Wu Jian
Xom
Yredelemnul
Zin
The Shining One
Beogh
Lugonu

Shops:
D:9 ?   Orc:1 (   Orc:2 !?}(   Elf:2 [   Snake:2 }=}   Vaults:4 ((([!
Depths:1 *:   Depths:5 :

Portals:
Hell: Depths:1 Depths:2 Depths:3 Depths:4 Depths:5
Abyss: Depths:4
Pandemonium: Depths:1 Depths:2 Depths:3
Ziggurat: Depths:5

Annotations:
D:3 ogre
Hell Geryon, Murray


Innate Abilities, Weirdness & Mutations

You have very sharp teeth.
You have large cloven feet.
You are partially covered in slimy green scales. (AC +2)
Scrolls take you longer to read.
You are frail. (-10% HP)
Your system is resistant to poisons. (rPois)


Message History

Your bite misses the Orb Guardian.
The Orb Guardian is heavily wounded.
You block the Orb Guardian's attack.
You closely miss the Orb Guardian.
The Orb Guardian is heavily wounded.
You block the Orb Guardian's attack.
You closely miss the Orb Guardian.
You bite the Orb Guardian, but do no damage.
The Orb Guardian is heavily wounded.
You block the Orb Guardian's attack.
You hit the Orb Guardian but do no damage.
The Orb Guardian is heavily wounded.
You block the Orb Guardian's attack.
You slice the Orb Guardian!! You burn the Orb Guardian!
You kill the Orb Guardian!
Qazlal accepts your kill.
No target in view!
No target in view!
No target in view!
You have escaped!

.##.........########..[#######
....#.......##.....#.........#
.#.###.###..##.8.8.#.........#
...###.# ####...8..#.........#
#......# ##...8.8.#.........#
##..#######....X...#.........#
#........#.⌠.⌠.###.##........####
...#######.....#.'.#.............
...#####.'..8..#@#.#.............
..)##....#...).#.°.###...........
......####.⌠.⌠.###.# ###.........
..#..######........### ######....
..........##...8.8.#.# #....
.#)..#..#####...8..#.### #....
.##....## ###.8.8.#...# #...÷
.....†.# ##.#.....#...# ####.
....#..####..#######...#### #.


There were no monsters in sight!

Vanquished Creatures
  3 orbs of fire
  Mennas (Vaults:3)
  11 ancient liches
  A juggernaut (Depths:5)
  Sojobo (Crypt:1)
  Boris (twice) (Crypt:3 Depths:1)
  Bai Suzhen (Shoals:2)
  A shard shrike (Zot:3)
  4 Killer Klowns (Zot:5)
  Saint Roka (Snake:3)
  3 curse toes
  11 golden dragons
  A profane servitor (Crypt:3)
  2 bone dragons
  the Enchantress (Depths:1)
  A pandemonium lord (D:1)
  A Tzitzimitl (D:1)
  A lich (Crypt:3)
  Rupert (D:13)
  2 electric golems (Zot:5)
  14 tentacled monstrosities
  A Hell Sentinel (D:15)
  31 Orb Guardians
  8 quicksilver dragons
  3 titans
  Polyphemus (Shoals:3)
  A sphinx (shapeshifter) (Vaults:5)
  2 deep elf blademasters
  8 krakens
  A deep elf master archer (Elf:3)
  The ghost of Sitsisol the Sharpshooter, an adept KoHu of Okawaru (Snake:3)
  Kirke (D:15)
  12 death cobs
  8 ancient champions
  6 sphinxes
  13 shadow dragons
  3 revenants
  8 tengu reavers
  Agnes (D:14)
  7 storm dragons
  6 draconian monks
  5 nagarajas (Snake:4)
  Roxanne (Shoals:2)
  8 draconian scorchers
  8 fire giants
  5 frost giants
  3 ghost moths
  A balrug (D:15)
  A cacodemon (Depths:2)
  9 draconian shifters
  Aizul (Snake:2)
  5 draconian knights
  4 ghouls
  An angel (D:14)
  24 vault wardens
  A curse skull (Depths:3)
  14 ironheart preservers
  11 deep elf sorcerers
  2 orc warlords
  A reaper (Crypt:2)
  12 draconian annihilators
  5 deep elf elementalists
  8 draconian stormcallers
  17 stone giants
  A war gargoyle (Vaults:4)
  4 spriggan defenders
  21 very ugly things
  A blood saint (D:6)
  2 caustic shrike skeletons (Depths:3)
  4 entropy weavers
  4 vampire knights
  5 juggernaut skeletons (Depths:3)
  6 deep elf demonologists
  A lorocyproca (D:15)
  9 green draconians
  9 black draconians
  A black sun (D:15)
  17 purple draconians
  12 deep elf annihilators
  13 red draconians
  12 white draconians
  10 yellow draconians
  6 eidola
  7 merfolk javelineers
  7 spark wasps
  The ghost of Maedhros the Martial Artist, a journeyman OpAr of Cheibriados (Orc:2)
  6 deep elf death magi
  2 green deaths
  2 mummy priests (Crypt:3)
  17 ettins
  A death ooze (Gauntlet)
  7 merfolk impalers
  Snorg (D:14)
  A quicksilver dragon zombie (Crypt:2)
  2 blizzard demons
  4 jiangshi
  A quicksilver dragon skeleton (Depths:3)
  Erolcha (D:9)
  5 great orbs of eyes
  8 yaktaur captains
  14 fire dragons
  8 deep elf high priests
  5 rakshasas
  16 ice dragons
  The ghost of Rezaphur the Destroyer, a journeyman DrCj of Vehumet (D:12)
  8 merfolk avatars
  2 merfolk aquamancers
  2 hell beasts
  35 vault guards
  10 centaur warriors
  6 death knights
  4 catoblepae
  54 two-headed ogres
  13 hydras
  6 spriggan air magi
  10 naga warriors
  6 anacondas
  Erica (D:9)
  17 ogre magi
  A satyr (Shoals:3)
  12 death yaks
  8 deep troll shamans
  6 deep troll earth magi
  4 tengu warriors
  7 spriggan berserkers
  3 vampire magi
  9 hell hogs
  A queen ant (shapeshifter) (Vaults:4)
  A small abomination (Elf:3)
  8 naga sharpshooters
  27 dancing weapons
  17 deep elf knights
  9 shock serpents
  3 soul eaters
  Nergalle (Lair:3)
  A sixfirhy (Depths:2)
  4 iron trolls
  2 titan skeletons
  43 skeletal warriors
  8 flayed ghosts
  30 deep trolls
  5 hell knights (Depths:5)
  6 shadow wraiths
  A salamander mystic (Snake:4)
  A naga ritualist (Snake:1)
  2 infernal demonspawn
  2 unseen horrors (D:11)
  A torturous demonspawn (Zot:4)
  11 sea snakes
  10 deep elf archers
  6 necromancers
  2 glowing orange brains
  19 ironbrand convokers
  A golden dragon skeleton (Depths:3)
  3 swamp dragons (Lair:4)
  7 wizards
  7 phantasmal warriors
  A wolf spider zombie (Crypt:3)
  The ghost of ra1n577 the Cleaver, a novice HOFi (D:6)
  Pikel (D:9)
  A lindwurm (Depths:4)
  10 orc knights
  An anaconda skeleton (Volcano)
  13 orc sorcerers
  2 tengu skeletons
  63 deep elf magi
  28 harpies
  A fire giant zombie (Vaults:3)
  2 wolf spiders
  16 fauns
  3 mana vipers
  11 cyclopes
  3 shadow dragon skeletons
  64 ugly things
  A cyclops (shapeshifter) (Vaults:5)
  7 salamanders
  2 sphinx zombies
  2 iron dragon zombies
  22 manticores
  5 elephants (Lair:6)
  23 moths of wrath
  A salamander (shapeshifter) (Vaults:5)
  24 black mambas
  3 fire giant skeletons
  5 water nymphs
  14 merfolk sirens
  3 frost giant skeletons
  2 ice statues (IceCv)
  2 black mambas (shapeshifter)
  3 rust devils
  An apocalypse crab (Gauntlet)
  An iron dragon skeleton (Crypt:3)
  11 naga magi
  3 guardian serpents
  17 vault sentinels
  7 gargoyles
  2 orange demons
  A grey draconian zombie (Crypt:1)
  11 spiny frogs
  A water nymph (shapeshifter) (Depths:3)
  A torpor snail (Lair:6)
  A spriggan skeleton (Depths:3)
  A catoblepas zombie (Crypt:2)
  A yaktaur (shapeshifter) (Vaults:4)
  3 komodo dragons (Lair:6)
  A dire elephant skeleton (Crypt:1)
  8 rime drakes
  A komodo dragon (shapeshifter) (Vaults:2)
  2 efreet
  3 ice devils
  45 yaktaurs
  2 demonic crawlers (D:1)
  11 freezing wraiths
  An anaconda simulacrum (Crypt:3)
  5 guardian mummies (Crypt:3)
  2 hellwings
  5 red devils
  11 trolls
  A catoblepas skeleton (Crypt:3)
  A tormentor (Zot:1)
  2 polar bears
  A tengu conjurer (D:15)
  A jumping spider (shapeshifter) (Vaults:2)
  37 merfolk
  A shadow dragon simulacrum (Crypt:3)
  A meliai (shapeshifter) (Vaults:3)
  A queen bee (shapeshifter) (Vaults:4)
  A hydra zombie (Crypt:3)
  Prince Ribbit (D:7)
  A troll (shapeshifter) (Vaults:4)
  A wind drake (shapeshifter) (Vaults:4)
  12 wind drakes
  11 hornets
  11 slime creatures
  An ice dragon zombie (Crypt:1)
  A harpy skeleton (Volcano)
  A hydra skeleton (Crypt:1)
  A bog body (Crypt:1)
  8 blink frogs
  2 hippogriffs (shapeshifter)
  9 snapping turtles
  An iron dragon simulacrum (Crypt:1)
  A stone giant simulacrum (Crypt:1)
  A fire giant simulacrum (Crypt:3)
  20 dream sheep
  A death drake skeleton (Crypt:2)
  9 hippogriffs
  9 flying skulls
  2 air elementals
  A centaur simulacrum (D:15)
  17 wraiths
  3 tarantellas (Vaults:5)
  13 redbacks
  9 spriggans
  2 ettin skeletons (Depths:3)
  An alligator skeleton (Volcano)
  58 yaks
  5 shadows
  3 elf skeletons (Depths:3)
  4 wyverns
  2 ushabtiu (Crypt:3)
  3 hogs (D:11)
  4 humans
  A fire bat (D:13)
  A vampire (D:12)
  2 black mamba skeletons
  14 water elementals
  A wyvern (shapeshifter) (Vaults:3)
  A steam dragon (Lair:3)
  2 basilisks
  2 golden eyes (Zot:5)
  3 fire elementals
  A hungry ghost (D:10)
  A neqoxec (D:12)
  A yaktaur simulacrum (Vaults:2)
  4 vampire mosquitoes
  42 nagas
  A two-headed ogre zombie (Crypt:2)
  A soldier ant (D:12)
  A swamp worm (shapeshifter) (Vaults:2)
  11 wargs
  A glowing shapeshifter zombie (Crypt:1)
  An acid dragon (shapeshifter) (Vaults:1)
  2 human simulacra
  12 water moccasins
  A floating eye (shapeshifter) (Depths:2)
  A hell hound (Depths:5)
  An infernal demonspawn zombie (Crypt:2)
  13 porcupines
  2 floating eyes
  A faun skeleton (Crypt:3)
  A spiny frog skeleton (Crypt:1)
  2 swamp drakes (Depths:4)
  4 slaves (D:9)
  37 orc warriors
  An eye of draining (D:11)
  17 ice beasts
  A hornet zombie (D:11)
  6 sky beasts
  2 black bears
  A manticore zombie (Crypt:3)
  4 phantoms
  45 ogres
  A necrophage (Crypt:1)
  10 wolves (Lair:2)
  A wolf (shapeshifter) (Vaults:4)
  6 boggarts
  A snapping turtle skeleton (Crypt:3)
  A hog zombie (Crypt:3)
  29 centaurs
  18 crocodiles
  16 bullfrogs
  3 elf zombies
  3 big kobolds
  An earth elemental (Elf:1)
  A yaktaur skeleton (Crypt:3)
  A wyvern skeleton (D:14)
  2 scorpions
  A water moccasin skeleton (Crypt:2)
  2 troll zombies (D:10)
  A snapping turtle simulacrum (Crypt:1)
  A scorpion (shapeshifter) (Depths:2)
  8 killer bees
  2 troll skeletons (Volcano)
  18 wights
  3 electric eels (Elf:3)
  4 howler monkeys (D:8)
  A bullfrog zombie (Crypt:3)
  8 centaur zombies
  7 crimson imps
  2 quasits
  18 orc priests
  5 jellies
  2 human zombies
  A bullfrog skeleton (D:11)
  A gnoll shaman (D:7)
  3 hounds
  52 orc wizards
  8 centaur skeletons
  6 hell rats (Lair:5)
  A human skeleton (Crypt:1)
  3 iguanas
  10 worker ants
  A killer bee zombie (D:7)
  2 big kobold zombies (Ossuary)
  4 ogre zombies (D:10)
  A naga skeleton (Crypt:2)
  4 hound skeletons
  15 mummies
  6 gnolls
  2 river rats (D:6)
  11 adders
  6 shadow imps
  3 oozes
  An adder skeleton (D:6)
  2 adder zombies
  An iguana skeleton (Crypt:2)
  2 worms
  5 dart slugs
  7 leopard geckos
  116 orcs
  4 ball pythons
  A bat skeleton (Crypt:2)
  A bat zombie (Crypt:1)
  9 giant cockroaches
  8 goblins
  8 hobgoblins
  17 jackals
  10 quokkas
  5 bats
  3 frilled lizards
  A frilled lizard zombie (Crypt:1)
  3 goblin skeletons
  4 goblin zombies
  11 hobgoblin zombies
  A jackal skeleton (Crypt:3)
  A jackal zombie (Ossuary)
  26 kobolds
  10 kobold zombies (Ossuary)
  A leopard gecko skeleton (D:8)
  A leopard gecko zombie (D:6)
  3 orc skeletons (D:10)
  15 orc zombies
  2 quokka skeletons
  11 rats
  6 bushes
  5 crawling corpses
  4 fungi
  37 plants
  29 tentacles
2760 creatures vanquished.

Vanquished Creatures (collateral kills)
  Ilsuiw (Shoals:3)
  Louise (Shoals:3)
  A minotaur (Gauntlet)
  A merfolk javelineer (Shoals:3)
  A hydra (D:11)
  A merfolk siren (Shoals:3)
  4 merfolk (Shoals:4)
  A snapping turtle (Shoals:3)
  A kobold (D:11)
12 creatures vanquished.

Vanquished Creatures (others)
  An ancient lich (Zot:5)
  A deep elf master archer (Elf:3)
  A deep elf sorcerer (Elf:3)
  A black draconian (Zot:2)
  A stone giant (Vaults:1)
  3 centaur warriors (Vaults:1)
  A death yak (Shoals:3)
  A satyr (Shoals:4)
  A two-headed ogre (Vaults:5)
  5 naga sharpshooters
  A deep elf knight (D:15)
  6 deep elf archers
  A deep elf mage (Vaults:1)
  2 fauns
  A manticore (Shoals:1)
  2 cyclopes
  A naga mage (Snake:3)
  A rime drake (Depths:4)
  12 yaktaurs
  3 merfolk (Shoals:4)
  A snapping turtle (Shoals:1)
  An air elemental (Elf:1)
  A human (D:15)
  A swamp drake (Depths:4)
  3 ogres
  11 centaurs
  A bullfrog (D:11)
  A killer bee (D:9)
  A crimson imp (D:15)
  An orc (Orc:2)
  8 fungi
  12 plants
  66 tentacles
154 creatures vanquished.

Grand Total: 2926 creatures vanquished

Notes
Turn   | Place    | Note
-------+----------+-------------------------------------------
     0 | D:1      | 1994 the Hill Orc Fighter began the quest for the Orb.
     0 | D:1      | Reached XP level 1. HP: 19/19 MP: 1/1
    43 | D:1      | Reached XP level 2. HP: 24/27 MP: 2/2
   284 | D:1      | Reached XP level 3. HP: 16/33 MP: 3/3
   823 | D:2      | Reached XP level 4. HP: 30/40 MP: 4/4
  1206 | D:2      | Found a white marble altar of Elyvilon.
  1747 | D:2      | Found a faded altar of an unknown god.
  2174 | D:3      | Found a burning altar of Makhleb.
  2176 | D:3      | Noticed a blizzard demon
  2180 | D:3      | Noticed an orange demon
  2180 | D:3      | Noticed a smoke demon
  2199 | D:3      | Found a glowing drain.
  2237 | Sewer    | Entered a sewer
  2482 | Sewer    | Reached XP level 5. HP: 47/47 MP: 5/5
  2677 | Sewer    | Noticed a big kobold
  2684 | Sewer    | Killed a big kobold
  2684 | Sewer    | Reached skill level 5 in Axes
  2684 | Sewer    | Reached skill level 5 in Shields
  3242 | D:3      | Reached XP level 6. HP: 25/53 MP: 6/6
  4048 | D:3      | Found a burning altar of Makhleb.
  4749 | D:3      | Found a burning altar of Makhleb.
  5255 | D:3      | Reached skill level 5 in Fighting
  5318 | D:4      | Noticed a phantom
  5482 | D:4      | Killed a phantom
  5482 | D:4      | Reached XP level 7. HP: 41/61 MP: 7/7
  5598 | D:4      | Found a blossoming altar of Fedhas.
  6369 | D:5      | Entered Level 5 of the Dungeon
  6495 | D:5      | Found a sand-covered staircase.
  6507 | Ossuary  | Entered an ossuary
  6672 | Ossuary  | Reached XP level 8. HP: 28/70 MP: 8/8
  7187 | D:5      | Found an ancient bone altar of Kikubaaqudgha.
  7458 | D:5      | Found a stormy altar of Qazlal.
  7460 | D:5      | Noticed a water elemental
  7461 | D:5      | Noticed an air elemental
  7466 | D:5      | Became a worshipper of Qazlal Stormbringer
  7908 | D:5      | Found a staircase to the Ecumenical Temple.
  7919 | Temple   | Entered the Ecumenical Temple
  8571 | D:6      | Reached XP level 9. HP: 78/78 MP: 9/9
  8612 | D:6      | Found a runed translucent door.
  8617 | D:6      | Noticed ra1n577's ghost (novice HOFi)
  8930 | D:6      | Reached skill level 10 in Axes
  9178 | D:6      | Found a runed translucent door.
  9374 | D:7      | Found an opulent altar of Gozag.
  9402 | D:7      | Noticed Prince Ribbit
  9606 | D:7      | Killed Prince Ribbit
  9618 | D:7      | Reached * piety under Qazlal
 10435 | D:7      | Reached skill level 1 in Dodging
 10722 | D:7      | Reached XP level 10. HP: 82/88 MP: 10/10
 10792 | D:8      | Reached skill level 10 in Shields
 10901 | D:8      | Reached ** piety under Qazlal
 11596 | D:9      | Noticed Erolcha
 11718 | D:6      | Killed ra1n577's ghost
 12501 | D:10     | Entered Level 10 of the Dungeon
 12529 | D:10     | Reached skill level 1 in Invocations
 12647 | D:10     | Reached *** piety under Qazlal
 12654 | D:10     | Found a staircase to the Orcish Mines.
 12729 | D:10     | Noticed a six-headed hydra
 13070 | D:8      | Killed a six-headed hydra
 13559 | D:10     | Reached XP level 11. HP: 94/97 MP: 13/13
 13912 | D:11     | Found a gate leading to a gauntlet.
 13948 | D:11     | Noticed a four-headed hydra
 13990 | D:11     | Killed a four-headed hydra
 14093 | D:11     | Killed an unseen horror
 14208 | Gauntlet | Entered a Gauntlet
 14208 | Gauntlet | Found a transporter.
 14208 | Gauntlet | Found a transporter.
 14208 | Gauntlet | Found a large runed translucent door.
 14208 | Gauntlet | Found a large runed translucent door.
 14208 | Gauntlet | Found a large runed translucent door.
 14208 | Gauntlet | Found a large runed translucent door.
 14208 | Gauntlet | Found a large runed translucent door.
 14208 | Gauntlet | Found a large runed translucent door.
 14208 | Gauntlet | Found a runed translucent door.
 14208 | Gauntlet | Found a runed translucent door.
 14208 | Gauntlet | Found a large runed translucent door.
 14208 | Gauntlet | Found a large runed translucent door.
 14208 | Gauntlet | Found a large runed translucent door.
 14208 | Gauntlet | Found a large runed translucent door.
 14208 | Gauntlet | Found a large runed translucent door.
 14208 | Gauntlet | Found a large runed translucent door.
 14328 | Gauntlet | Found a transporter.
 14328 | Gauntlet | Found a transporter.
 14329 | Gauntlet | Found a large runed translucent door.
 14329 | Gauntlet | Found a large runed translucent door.
 14329 | Gauntlet | Found a large runed translucent door.
 14329 | Gauntlet | Found a large runed translucent door.
 14333 | Gauntlet | Found a runed translucent gate.
 14333 | Gauntlet | Found a runed translucent gate.
 14333 | Gauntlet | Found a runed translucent gate.
 14335 | Gauntlet | Found a transporter.
 14353 | Gauntlet | Noticed a death ooze
 14354 | Gauntlet | Found a transporter.
 14364 | Gauntlet | Found a transporter.
 14364 | Gauntlet | Found a transporter.
 14364 | Gauntlet | Noticed a death drake
 14368 | Gauntlet | Found a transporter.
 14395 | Gauntlet | Found a transporter.
 14402 | Gauntlet | Found a transporter.
 14420 | Gauntlet | Found a transporter.
 14466 | Gauntlet | Found a transporter.
 14481 | Gauntlet | Noticed an oklob plant
 14482 | Gauntlet | Found a transporter.
 14583 | Gauntlet | Found a transporter.
 14599 | Gauntlet | Noticed a worldbinder
 14603 | Gauntlet | Found a transporter.
 15149 | Gauntlet | HP: 3/97 [death ooze (23)]
 15154 | Gauntlet | Killed a death ooze
 15714 | Gauntlet | Got a pair of slimy boots
 15724 | Gauntlet | Identified the cursed -7 pair of boots of Minor Irritation
                  | {Str+4} (You found it in a Gauntlet)
 15746 | Gauntlet | Noticed a minotaur
 15758 | Gauntlet | Killed a minotaur
 16025 | Gauntlet | Identified the Handbook of Freezing Talismans
 16026 | Gauntlet | Got a fine broad axe
 16031 | Gauntlet | Identified the +9 broad axe "Gaelidel" {freeze, *Corrode
                  | +Fly rPois rC++} (You found it in a Gauntlet)
 16163 | D:11     | Found a runed translucent door.
 16163 | D:11     | Found a runed translucent door.
 16163 | D:11     | Noticed a manticore
 16163 | D:11     | Noticed a deep troll earth mage
 16164 | D:11     | Found a runed translucent door.
 16164 | D:11     | Noticed a harpy
 16164 | D:11     | Noticed a manticore
 16177 | D:11     | Noticed an eight-headed hydra
 16218 | D:11     | Killed an eight-headed hydra
 16218 | D:11     | Reached skill level 10 in Fighting
 16218 | D:11     | Reached skill level 5 in Invocations
 16351 | D:11     | Noticed a cyclops
 16360 | D:11     | Killed a cyclops
 16526 | D:11     | Identified the ring of Otrees {rC+ Str+6 Int-4 Dex+3
                  | Stlth+}
 16526 | D:11     | Noticed a centaur warrior
 16534 | D:11     | Killed a centaur warrior
 16583 | D:11     | Reached XP level 12. HP: 106/106 MP: 16/16
 16957 | D:11     | Noticed a centaur warrior
 16969 | D:11     | Killed a centaur warrior
 16996 | D:11     | Reached skill level 15 in Axes
 17236 | D:11     | Reached **** piety under Qazlal
 18147 | D:9      | Found Titet's Magic Scroll Shoppe.
 18162 | D:9      | Noticed Erica
 18176 | D:9      | Killed Erica
 18258 | D:9      | Killed Erolcha
 18350 | D:9      | Bought a scroll of magic mapping for 56 gold pieces
 18450 | D:9      | Noticed Pikel
 18465 | D:9      | Killed Pikel
 18634 | D:9      | Found a shimmering blue altar of Sif Muna.
 18731 | D:9      | Found a staircase to the Lair.
 18956 | Lair:1   | Entered Level 1 of the Lair of Beasts
 19073 | Lair:1   | Noticed a four-headed hydra
 19085 | Lair:1   | Killed a one-headed hydra
 19142 | Lair:1   | Reached XP level 13. HP: 114/116 MP: 19/19
 19281 | Lair:1   | Found a dark tunnel.
 19298 | Volcano  | Entered a volcano
 20918 | Lair:2   | Found a staircase to the Snake Pit.
 21931 | Lair:3   | Found a staircase to the Shoals.
 22156 | Lair:3   | Noticed Nergalle
 22165 | Lair:3   | Killed Nergalle
 22886 | Lair:4   | Found a transporter.
 23130 | Lair:4   | Found a transporter.
 23764 | Lair:4   | Reached XP level 14. HP: 109/126 MP: 21/21
 23931 | Lair:5   | Reached skill level 15 in Shields
 23941 | Lair:5   | Reached ***** piety under Qazlal
 24154 | Lair:5   | Found a frozen archway.
 24173 | Lair:5   | Reached skill level 10 in Invocations
 24184 | IceCv    | Entered an ice cave
 25575 | Lair:6   | Entered Level 6 of the Lair of Beasts
 25575 | Lair:6   | Found a staircase to the Slime Pits.
 25701 | Lair:6   | Reached skill level 5 in Armour
 26370 | Lair:6   | Reached ****** piety under Qazlal
 26377 | Lair:6   | Reached XP level 15. HP: 110/137 MP: 23/23
 26805 | Lair:6   | Got a faintly glowing marble ring
 26806 | Lair:6   | Identified the ring of Vaupuget {rElec rC- rN+ Slay+2
                  | Stlth-} (You found it on level 6 of the Lair of Beasts)
 27933 | D:12     | Found a runed translucent door.
 27933 | D:12     | Found a shimmering altar of Xom.
 27933 | D:12     | Noticed Rezaphur's ghost (journeyman DrCj)
 28189 | D:12     | Killed Rezaphur's ghost
 28318 | D:13     | You fall into a shaft and drop 1 floor!
 28451 | D:13     | Noticed Rupert
 28471 | D:13     | Killed Rupert
 28534 | D:13     | Found a gate to the Vaults.
 28761 | D:13     | Noticed Sonja
 28762 | D:13     | Noticed Sonja
 28762 | D:13     | Sonja changed into Sonja the fire bat
 28767 | D:13     | Killed Sonja the fire bat
 29156 | D:14     | Noticed Snorg
 29165 | D:14     | Killed Snorg
 29264 | D:14     | Identified a scroll of acquirement
 29691 | D:9      | Bought a scroll of enchant weapon for 120 gold pieces
 29691 | D:9      | Bought a scroll of enchant weapon for 120 gold pieces
 30091 | D:14     | Noticed Agnes
 30102 | D:14     | Killed Agnes
 30516 | D:14     | Reached skill level 15 in Fighting
 30897 | D:15     | Entered Level 15 of the Dungeon
 31042 | D:15     | Reached skill level 10 in Armour
 31042 | D:15     | Reached XP level 16. HP: 103/149 MP: 26/26
 31286 | D:15     | Found a staircase to the Depths.
 31544 | D:15     | Noticed Kirke
 31560 | D:15     | Killed Kirke
 32295 | Orc:1    | Entered Level 1 of the Orcish Mines
 32568 | Orc:2    | Entered Level 2 of the Orcish Mines
 32577 | Orc:2    | Paralysed by an orc sorcerer for 6 turns
 32583 | Orc:2    | Reached skill level 5 in Dodging
 32929 | Orc:2    | Found a staircase to the Elven Halls.
 32973 | Orc:2    | Noticed Maedhros's ghost (journeyman OpAr)
 32982 | Orc:2    | Found a transporter.
 32990 | Orc:2    | Found a transporter.
 33247 | Orc:2    | Found Dosmas's Distillery.
 33298 | Orc:2    | Bought a potion of haste for 150 gold pieces
 33298 | Orc:2    | Bought a potion of haste for 150 gold pieces
 33298 | Orc:2    | Bought a potion of haste for 150 gold pieces
 33312 | Orc:2    | Found a radiant altar of Vehumet.
 33318 | Orc:2    | Found Doeskak's Magic Scroll Shoppe.
 33365 | Orc:2    | Found a roughly hewn altar of Beogh.
 33365 | Orc:2    | Found Lomucl Edarr's Gadget Shoppe.
 33471 | Orc:2    | Bought a scroll of blinking for 112 gold pieces
 33471 | Orc:2    | Bought a scroll of enchant weapon for 112 gold pieces
 33472 | Orc:2    | Bought a scroll of magic mapping for 52 gold pieces
 33474 | Orc:2    | Found an ancient bone altar of Kikubaaqudgha.
 33486 | Orc:2    | Found Fointiu's Antique Weapon Emporium.
 33699 | Orc:2    | Killed Maedhros's ghost
 33699 | Orc:2    | Reached skill level 15 in Invocations
 33919 | Orc:1    | Found Tacs's Weapon Shop.
 34514 | Shoals:1 | Entered Level 1 of the Shoals
 34867 | Shoals:1 | Noticed a kraken
 34889 | Shoals:1 | Killed a kraken
 34889 | Shoals:1 | Reached XP level 17. HP: 146/159 MP: 28/28
 35258 | Shoals:1 | Found a gateway to a bazaar.
 36086 | Shoals:2 | Noticed Roxanne
 36299 | Shoals:2 | Noticed a kraken
 36311 | Shoals:2 | Killed a kraken
 36587 | Shoals:2 | Noticed a kraken
 36593 | Shoals:2 | Noticed a kraken
 36610 | Shoals:2 | Killed a kraken
 36612 | Shoals:2 | Killed a kraken
 36995 | Shoals:3 | Noticed Bai Suzhen
 37381 | Shoals:2 | Killed Bai Suzhen
 37546 | Shoals:2 | Killed Roxanne
 37692 | Shoals:3 | Noticed Louise
 37711 | Shoals:3 | Killed Louise
 37820 | Shoals:3 | Noticed Ilsuiw
 37832 | Shoals:3 | Killed Ilsuiw
 37993 | Shoals:3 | Reached XP level 18. HP: 170/170 MP: 30/30
 38130 | Shoals:3 | Noticed Polyphemus
 38326 | Shoals:3 | Killed Polyphemus
 39070 | Shoals:4 | Entered Level 4 of the Shoals
 40715 | Shoals:4 | Got a barnacled rune of Zot
 40833 | Snake:1  | Entered Level 1 of the Snake Pit
 41318 | Snake:1  | Found a flickering gateway to a bazaar.
 41351 | Bazaar   | Entered a bazaar
 41353 | Bazaar   | Found Zoumo's Gadget Boutique.
 41357 | Bazaar   | Found Zalemuen's Magic Scroll Boutique.
 41357 | Bazaar   | Found Wuske's Antique Armour Boutique.
 41358 | Bazaar   | Found Asutzidil's Gadget Boutique.
 41368 | Bazaar   | Bought a scroll of enchant weapon for 97 gold pieces
 41369 | Bazaar   | Bought a scroll of enchant weapon for 97 gold pieces
 41370 | Bazaar   | Bought a scroll of teleportation for 39 gold pieces
 41370 | Bazaar   | Bought a scroll of fear for 45 gold pieces
 41370 | Bazaar   | Bought a scroll of identify for 26 gold pieces
 41370 | Bazaar   | Bought a scroll of identify for 26 gold pieces
 41375 | Bazaar   | Bought a pair of runed boots for 187 gold pieces
 41390 | Bazaar   | Bought a scroll of remove curse for 39 gold pieces
 41390 | Bazaar   | Bought a scroll of identify for 26 gold pieces
 41390 | Bazaar   | Bought a scroll of torment for 97 gold pieces
 41647 | Snake:1  | Found a shimmering altar of Xom.
 42536 | Snake:2  | Reached XP level 19. HP: 179/179 MP: 31/31
 42774 | Snake:2  | Noticed Aizul
 42788 | Snake:2  | Killed Aizul
 42889 | Snake:2  | Found Ryewuith's Gadget Boutique.
 42890 | Snake:2  | Found Hic Qaij's Jewellery Shoppe.
 42891 | Snake:2  | Found Muixoddecs's Gadget Boutique.
 42900 | Snake:2  | Bought the amulet "Iklaboq" {Reflect Dex+3 SH+6} for 1077
                  | gold pieces
 43741 | Snake:3  | Found a runed translucent door.
 43745 | Snake:3  | Found a shimmering altar of Xom.
 43746 | Snake:3  | Noticed Sitsisol's ghost (adept KoHu)
 43782 | Snake:3  | Noticed Saint Roka
 43802 | Snake:3  | Killed Saint Roka
 44714 | Snake:3  | Killed Sitsisol's ghost
 44931 | Snake:4  | Entered Level 4 of the Snake Pit
 45931 | Snake:4  | Got a serpentine rune of Zot
 46752 | Elf:1    | Entered Level 1 of the Elven Halls
 47243 | Elf:1    | Reached XP level 20. HP: 191/191 MP: 33/33
 47251 | Elf:1    | Reached skill level 15 in Armour
 48528 | Elf:2    | Found Qiwkuuroi's Armour Boutique.
 48536 | Elf:2    | Bought a +1 cloak of poison resistance for 270 gold pieces
 48586 | Elf:2    | Identified the ring of Pogevy {rC+ Str+3 Int+6} (You
                  | acquired it on level 2 of the Elven Halls)
 48624 | Elf:2    | Found a runed translucent gate.
 48624 | Elf:2    | Found a runed translucent gate.
 48624 | Elf:2    | Found a runed translucent gate.
 49121 | Elf:3    | Entered Level 3 of the Elven Halls
 50113 | Elf:3    | Reached XP level 21. HP: 81/200 MP: 8/34
 50589 | Elf:3    | Identified the ring "Zomaiwnu" {rF+ rC+ MP+9} (You found it
                  | on level 3 of the Elven Halls)
 50695 | Elf:3    | Got a glittering granite ring
 50696 | Elf:3    | Identified the ring "Cagohu" {rPois rN+ Slay+6} (You found
                  | it on level 3 of the Elven Halls)
 50709 | Elf:3    | Got a bound graven amulet
 50710 | Elf:3    | Identified the amulet "Magiy" {Reflect rC+ Int+3 SH+3} (You
                  | found it on level 3 of the Elven Halls)
 50986 | Vaults:1 | Entered Level 1 of the Vaults
 51462 | Vaults:1 | Got a translucent amber ring
 51485 | Vaults:1 | Identified the ring "Rolutzex" {rElec rCorr Dex+3} (You
                  | found it on level 1 of the Vaults)
 51636 | Vaults:1 | Identified the +6 ring mail "Liwy" {MR+ Str+3 SInv Stlth+}
 53115 | Vaults:2 | Reached XP level 22. HP: 211/211 MP: 36/36
 54544 | Vaults:3 | Noticed Mennas
 54590 | Vaults:3 | Killed Mennas
 55404 | Vaults:3 | Found a staircase to the Crypt.
 55404 | Vaults:3 | Found an ancient bone altar of Kikubaaqudgha.
 55405 | Vaults:3 | Found a basalt altar of Yredelemnul.
 56052 | Vaults:3 | Identified the +2 broad axe of Proximity {elec, Dex+4}
 56497 | Vaults:4 | Found Kidul's Distillery.
 56791 | Vaults:4 | Reached XP level 23. HP: 182/220 MP: 37/37
 57238 | Vaults:4 | Found Ynoalis's Antique Armour Shop.
 57245 | Vaults:4 | Found Tocvo's Antique Weapon Emporium.
 57529 | Vaults:4 | Found Vafogep's Weapon Boutique.
 57531 | Vaults:4 | Found a white marble altar of Elyvilon.
 57622 | Vaults:4 | Found Puromn's Weapon Shoppe.
 58109 | Crypt:1  | Entered Level 1 of the Crypt
 58364 | Crypt:1  | Noticed Sojobo
 58389 | Crypt:1  | Killed Sojobo
 60388 | Crypt:3  | Entered Level 3 of the Crypt
 60496 | Crypt:3  | Found a staircase to the Tomb.
 60611 | Crypt:3  | Reached XP level 24. HP: 231/231 MP: 38/38
 61395 | Crypt:3  | Noticed a curse toe
 61397 | Crypt:3  | Identified the ring "Larenyca" {rElec Str+3 Dex+6 SInv
                  | Stlth-}
 61397 | Crypt:3  | Noticed Boris
 61406 | Crypt:3  | Killed a curse toe
 61407 | Crypt:3  | Killed Boris
 61598 | Crypt:3  | Found an ancient bone altar of Kikubaaqudgha.
 61601 | Crypt:3  | Found a basalt altar of Yredelemnul.
 62114 | Depths:1 | Entered Level 1 of the Depths
 62114 | Depths:1 | Found Jihif's Changing Room.
 62268 | Depths:1 | Found a gateway to Hell.
 62304 | Depths:1 | Found Agahe's Book Shop.
 62426 | Depths:1 | You fall into a shaft and drop 1 floor!
 62429 | Depths:2 | Found a one-way gate leading to the halls of Pandemonium.
 62430 | Depths:2 | Gained mutation: Scrolls take you a little longer to read.
                  | [a cacodemon]
 62903 | Depths:2 | Noticed the Enchantress
 63169 | Depths:1 | Noticed Boris
 63176 | Depths:1 | Killed Boris
 64105 | D:11     | Lost mutation: Scrolls take you a little longer to read.
                  | [potion of mutation]
 64105 | D:11     | Gained mutation: Your magical capacity is low. (-10% MP)
                  | [potion of mutation]
 64105 | D:11     | Gained mutation: Your mind is acute. (Int +2) [potion of
                  | mutation]
 64352 | Depths:1 | Killed the Enchantress
 64861 | Depths:2 | Reached XP level 25. HP: 232/240 MP: 34/34
 65299 | Depths:2 | You fall into a shaft and drop 2 floors!
 67267 | Depths:3 | Identified the Collected Works on Conjuration
 67374 | Depths:4 | Reached XP level 26. HP: 126/251 MP: 35/35
 68181 | Depths:4 | Learned a level 1 spell: Apportation
 68793 | Depths:4 | Learned a level 2 spell: Blink
 69059 | Depths:4 | Found a corrupted altar of Lugonu.
 69059 | Depths:4 | Found a one-way gate to the infinite horrors of the Abyss.
 69392 | Depths:5 | Entered Level 5 of the Depths
 69406 | Depths:5 | Found a gateway to a ziggurat.
 69407 | Depths:5 | Paralysed by a floating eye for 2 turns
 70470 | Depths:5 | Noticed a juggernaut
 70483 | Depths:5 | Killed a juggernaut
 70719 | Depths:5 | Found a gate to the Realm of Zot.
 71017 | Depths:5 | Found Nuwaoseefu's Book Emporium.
 71526 | Bazaar   | Entered a bazaar
 71526 | Bazaar   | Found Cinyni's General Store.
 71530 | Bazaar   | Bought a scroll of identify for 26 gold pieces
 71530 | Bazaar   | Bought a potion of lignification for 39 gold pieces
 71533 | Bazaar   | Found Iruyly's Gadget Boutique.
 71541 | Bazaar   | Found Loatryaha's Magic Scroll Boutique.
 71549 | Bazaar   | Bought a scroll of summoning for 114 gold pieces
 71549 | Bazaar   | Bought a scroll of teleportation for 36 gold pieces
 71549 | Bazaar   | Bought a scroll of teleportation for 36 gold pieces
 71549 | Bazaar   | Bought a scroll of teleportation for 36 gold pieces
 71549 | Bazaar   | Bought a scroll of identify for 24 gold pieces
 71549 | Bazaar   | Bought a scroll of brand weapon for 240 gold pieces
 71552 | Bazaar   | Found Rosel's Antique Armour Emporium.
 71560 | Bazaar   | Bought a jewelled chain mail for 256 gold pieces
 71560 | Bazaar   | Identified the +5 chain mail of Terror {Slay+2} (You bought
                  | it in a shop in a bazaar)
 71568 | Bazaar   | Found Icyna's Antique Weapon Shop.
 71576 | Bazaar   | Bought a runed war axe for 130 gold pieces
 71580 | Bazaar   | Bought a runed war axe for 130 gold pieces
 71967 | Hell     | Entered the Vestibule of Hell
 71967 | Hell     | Noticed Geryon
 71978 | Hell     | Noticed Murray
 72416 | Vaults:5 | Entered Level 5 of the Vaults
 72578 | Vaults:5 | Noticed an ancient lich
 72746 | Vaults:4 | Killed an ancient lich
 72835 | Vaults:4 | Reached XP level 27. HP: 65/261 MP: 35/35
 73519 | Vaults:4 | Reached skill level 10 in Dodging
 74307 | Vaults:5 | Identified the +7 long sword of Reinforcement {vorpal, rF+}
 74626 | Vaults:5 | Got a silver rune of Zot
 74729 | Vaults:5 | Identified the cursed +1 demon trident of Imbalance {pain,
                  | +Blink rC++} (You found it on level 5 of the Vaults)
 75630 | Zot:1    | Entered Level 1 of the Realm of Zot
 76333 | Zot:1    | Reached skill level 27 in Invocations
 76900 | Zot:2    | Reached skill level 1 in Evocations
 79119 | D:9      | Bought a scroll of enchant armour for 120 gold pieces
 79119 | D:9      | Bought a scroll of teleportation for 48 gold pieces
 79119 | D:9      | Bought a scroll of blinking for 120 gold pieces
 80608 | Zot:2    | Reached skill level 5 in Evocations
 81680 | Zot:3    | Reached skill level 1 in Translocations
 83195 | Zot:5    | Entered Level 5 of the Realm of Zot
 84052 | Zot:5    | Noticed an orb of fire
 84064 | Zot:5    | Noticed an ancient lich
 84073 | Zot:5    | Noticed an ancient lich
 84077 | Zot:5    | Noticed an ancient lich
 84077 | Zot:5    | Noticed an orb of fire
 84078 | Zot:5    | Noticed an ancient lich
 84087 | Zot:5    | Noticed an ancient lich
 84559 | Zot:4    | Gained mutation: Your magical capacity is very low. (-20%
                  | MP) [an orb of fire]
 84562 | Zot:4    | Gained mutation: Your magical capacity is extremely low.
                  | (-30% MP) [an orb of fire]
 84569 | Zot:4    | Lost mutation: Your mind is acute. (Int +2) [an orb of
                  | fire]
 84574 | Zot:4    | Killed an ancient lich
 84598 | Zot:4    | Killed an orb of fire
 84598 | Zot:4    | Reached skill level 5 in Translocations
 85091 | Zot:3    | Lost mutation: Your magical capacity is extremely low.
                  | (-30% MP) [potion of mutation]
 85091 | Zot:3    | Gained mutation: Your spells are a little easier to cast,
                  | but a little less powerful. [potion of mutation]
 85091 | Zot:3    | Gained mutation: You possess an exceptional clarity of
                  | mind. [potion of mutation]
 85231 | Depths:2 | Lost mutation: Your magical capacity is very low. (-20% MP)
                  | [potion of mutation]
 85231 | Depths:2 | Lost mutation: Your magical capacity is low. (-10% MP)
                  | [potion of mutation]
 85231 | Depths:2 | Lost mutation: Your spells are a little easier to cast, but
                  | a little less powerful. [potion of mutation]
 85231 | Depths:2 | Gained mutation: You have very sharp teeth. [potion of
                  | mutation]
 85231 | Depths:2 | Gained mutation: You have large cloven feet. [potion of
                  | mutation]
 85231 | Depths:2 | Lost mutation: You possess an exceptional clarity of mind.
                  | [potion of mutation]
 85231 | Depths:2 | Gained mutation: Your system is resistant to poisons.
                  | (rPois) [potion of mutation]
 85467 | Zot:5    | Gained mutation: Scrolls take you a little longer to read.
                  | [an orb of fire]
 85471 | Zot:5    | Gained mutation: You are frail. (-10% HP) [an orb of fire]
 85474 | Zot:5    | Gained mutation: You are partially covered in slimy green
                  | scales. (AC +2) [an orb of fire]
 85476 | Zot:5    | Killed an orb of fire
 85531 | Zot:5    | Noticed an orb of fire
 85538 | Zot:5    | Gained mutation: Scrolls take you longer to read. [an orb
                  | of fire]
 85551 | Zot:5    | Killed an orb of fire
 85642 | Zot:5    | Noticed an ancient lich
 85653 | Zot:5    | Killed an ancient lich
 85654 | Zot:5    | Noticed an ancient lich
 85659 | Zot:5    | Killed an ancient lich
 85663 | Zot:5    | Killed an ancient lich
 85676 | Zot:5    | Killed an ancient lich
 85681 | Zot:5    | Killed an ancient lich
 85873 | Zot:5    | Noticed an ancient lich
 85897 | Zot:5    | Killed an ancient lich
 86047 | Zot:5    | Noticed an ancient lich
 86051 | Zot:5    | Killed an ancient lich
 86232 | Zot:5    | Killed an ancient lich
 86609 | Zot:5    | Reached skill level 27 in Fighting
 86761 | Zot:5    | Got the Orb of Zot
 86779 | Zot:5    | Noticed an ancient lich
 86795 | Zot:5    | Killed an ancient lich
 86815 | Zot:5    | Noticed an ancient lich
 86825 | Zot:5    | Killed an ancient lich
 87671 | D:1      | Noticed Nenorid the pandemonium lord
 87680 | D:1      | Killed Nenorid the pandemonium lord
 87724 | D:$      | Escaped with the Orb!

Levels and vault maps discovered:
D:1:      ncdulo_halloftheorcs, layout_rooms
D:2:      layout_loops_cross, overflow_temple_1_default, first_ration,
          serial_forest, infiniplex_forest_clump_medium,
          infiniplex_forest_end_2, infiniplex_forest_lined_room_2,
          infiniplex_forest_corner_1, infiniplex_forest_clump_double,
          infiniplex_forest_clump_curved, infiniplex_forest_straight_1,
          chequers_ecumenical_altar_twisty, corexii_leaking_fountain,
          minmay_hedge_maze, cheibrodos_gnoll_hut
D:3:      layout_loops_ring, makhleb_altar_promises_db,
          cheibrodos_sewer_entry_drain
D:4:      layout_rooms, lemuel_round_altar
D:5:      minmay_chambers_of_threes, layout_basic, kiku_gazebo_pond_becter,
          nicolae_qazlal_style_of_elements, temple_green,
          gup_ossuary_entry_pyramid
D:6:      layout_basic, ebering_ghost_sewer_f
D:7:      layout_gridville, old_standard_altar, uniq_prince_ribbit1
D:8:      layout_rooms, chequers_serial_rivers_micro_d
D:9:      layout_irregular_city, led_sif_pool, lair_entry_dummy, serial_shops,
          shop, uniq_erica, uniq_erolcha, uniq_pikel
D:10:     layout_long_grid, zombieorc1_lemuel
D:11:     minmay_the_grid_triangle_9x9_recursive_3_mashed
          [minmay_the_grid_triangle_9x9_alien,
          minmay_the_grid_triangle_9x9_zippers_vertical,
          minmay_the_grid_triangle_9x9_sprig,
          minmay_the_grid_triangle_9x9_prize_center,
          minmay_the_grid_triangle_9x9_minimal,
          minmay_the_grid_triangle_9x9_checkered,
          minmay_the_grid_triangle_9x9_wacky_v,
          minmay_the_grid_triangle_9x9_fully_insulated_deathbox,
          minmay_the_grid_triangle_9x9_pentomino_pain], layout_stronghold,
          gauntlet_entry_generic, grunt_livestock, nicolae_benzene_ring
D:12:     layout_gridville, ebering_ghost_xom, chequers_serial_rivers_micro_d
D:13:     layout_stronghold, erik_vaults_1, uniq_rupert, uniq_sonja
D:14:     layout_basic, minmay_misc_feat_square, drop_trap, moated_statue,
          uniq_snorg, uniq_agnes
D:15:     hangedman_depths_entry_civil_slaughter, layout_basic,
          minmay_misc_feat_plants, uniq_kirke
Temple:   regret_index_temple_waves
Lair:1:   wander_river, layout_cave_pods, lightli_volcano_entry_magma_tube,
          beast_lair_carwin_7
Lair:2:   layout_layer_cave, dummy_snake_entry, grunt_megastairs_1
Lair:3:   layout_concentric_octagons, minmay_shoals_entry_centaurs,
          serial_forest, infiniplex_forest_clump_small, infiniplex_forest_end_2,
          infiniplex_forest_lined_3, infiniplex_forest_straight_5,
          infiniplex_forest_lined_corner, infiniplex_forest_clump_medium,
          grunt_megastairs_2, uniq_nergalle
Lair:4:   gammafunk_cloud_chamber, layout_cave_pods
Lair:5:   layout_long_grid, portal_ice_cave_demonic_guard
Lair:6:   evilmike_catoblepas_cave, layout_hall_layers, slime_dummy
Shoals:1: layout_shoals, serial_shops, bzr_entry_customers
Shoals:2: layout_shoals, nicolae_shoals_kraken_intersection, uniq_roxanne
Shoals:3: layout_shoals, abandoned_shop, nicolae_shoals_kraken_party,
          uniq_polyphemus, uniq_ilsuiw, uniq_bai_suzhen, uniq_louise
Shoals:4: shoals_end_hangedman, layout_shoals
Snake:1:  layout_layer_cave, basic_altar, serial_shops, freezing_bzr
Snake:2:  layout_misc_corridors, drop_trap, minmay_shop_grove, uniq_aizul
Snake:3:  layout_chambers, ebering_ghost_xom, uniq_saint_roka
Snake:4:  minmay_snake_end_coiled, layout_chambers
Orc:1:    layout_diamond_mine, serial_shops, shop
Orc:2:    kennysheep_orc_mage_school, layout_caves,
          gammafunk_ghost_berserking_beasts
Elf:1:    layout_loops_corners, hangedman_elf_disciples
Elf:2:    layout_rooms, serial_shops, shop_fountains
Elf:3:    minmay_elf_hall_x, layout_geoelf_castle, minmay_misc_feat_rows
Vaults:1: hangedman_vaults_slither, grunt_vaults_swirl, st_octagons_1,
          nicolae_vaults_little_squares_2, vaults_room_grunt_arrival_ludios,
          vaults_room_semicircle, ontoclasm_vaults_chip,
          nicolae_vaults_what_the_h, v_misc_5, nicolae_vaults_little_squares_3,
          vaults_room_hallway, vaults_dpeg_ring, layout_vaults_omnibox
Vaults:2: nicolae_vaults_asterisk, grunt_vaults_focal, vaults_dpeg_spiral,
          vaults_standard_mumra_enter_the_diamond, vaults_standard_mumra_lines,
          ontoclasm_vaults_fault, vaults_dpeg_encased_lava,
          ontoclasm_vaults_chip, ontoclasm_vaults_loading_screen, v_rooms_5,
          nicolae_vaults_ninety_degrees, v_misc_19, layout_vaults_ring
Vaults:3: kb_rosetta, ontoclasm_vaults_spin, vaults_dpeg_hooks,
          vaults_room_door_ring, hangedman_vaults_trim,
          minmay_crypt_entry_necro_gods, v_misc_13, ontoclasm_vaults_tryst,
          nicolae_vaults_alarming, nicolae_vaults_diagonal_hallway_9,
          layout_vaults_omnigrid, uniq_mennas
Vaults:4: hangedman_vaults_nails, hangedman_vaults_restitches, v_misc_31,
          v_misc_16, nicolae_vaults_puzzle_piece, hangedman_vaults_corner,
          hangedman_vaults_river_flow, ontoclasm_vaults_twist,
          nicolae_vaults_circle_grid_a, v_misc_14, ontoclasm_vaults_hangar,
          v_misc_14, nicolae_vaults_asterisk, vaults_room_hallway,
          layout_vaults_maze_bifur, basic_altar, serial_shops, shop,
          nicolae_shop_temple_entry_statues_fountains, shop, shop_statue,
          shop_fountains
Vaults:5: serial_shops
Crypt:1:  layout_catacombs, uniq_sojobo
Crypt:2:  layout_gridlike
Crypt:3:  lightli_unholy_cathedral, layout_chaotic_city,
          nicolae_tomb_entry_unfolded_pyramid_diagonal, uniq_boris
Depths:1: layout_gridlike, rand_demon_pan_entry_9, hangedman_tar_grid_catacomb,
          serial_bayou_pond_d, serial_shops, shop, nicolae_transmutations_shop,
          minmay_librarian
Depths:2: lemuel_traditional_vault, layout_cave_pools, rand_demon_pan_entry_5,
          chequers_serial_rivers_small_a, hell_entry,
          minmay_mirror_moons_of_madness, infiniplex_staircase_pillars_2,
          uniq_enchantress
Depths:3: minmay_skeleton_keep, layout_gridville, hell_entry,
          kennysheep_small_spiral, pan_entry
Depths:4: gold_lair_mu, layout_cave_pools, abyss_entry_flame_altar, hell_entry,
          serial_bayou_pond_b
Depths:5: grunt_x_marks_the_spot, layout_cave_shapes, enter_ziggurat_a,
          grunt_hell_entry_dis_mu, serial_shops, nicolae_shop_crystal,
          minmay_door_square, special_room [special_room_mythical_zoo],
          hangedman_abyss_or_decor_lesser_grid
Hell
Zot:1:    layout_gridville
Zot:2:    layout_basic
Zot:3:    layout_misc_corridors
Zot:4:    kennysheep_six_static_rooms, layout_onion_interference
Zot:5:    layout_twisted_circle

Skill      XL: |  1  2  3  4  5  6  7  8  9 10 11 12 13 14 15 16 17 18 19 20 21 22 23 24 25 26 27 |
---------------+----------------------------------------------------------------------------------+-----
Axes           | 3 4 5 6 7 9 11 12 14 15 17 18 | 18.0
Fighting       | 4 5 6 8 9 10 11 12 13 15 16 17 18 19 20 21 22 23 24 27 | 27.0
Shields        | 4 5 6 8 9 11 12 13 14 15 16 18 19 20 21 22 23 25 | 25.0
Dodging        | 1 3 4 6 8 9 14 | 14.9
Armour         | 4 6 10 11 13 14 15 16 17 18 19 20 24 | 24.3
Invocations    | 3 5 8 9 11 14 15 16 17 18 19 20 21 22 23 25 27 | 27.0
Evocations     | 7 |  7.0
Translocations | 9 |  9.5

Action                   |  1- 3 |  4- 6 |  7- 9 | 10-12 | 13-15 | 16-18 | 19-21 | 22-24 | 25-27 || total
-------------------------+-------+-------+-------+-------+-------+-------+-------+-------+-------++-------
Melee: War axe           |    88 |   416 |   507 |   753 |   906 |       |       |       |    70 ||  2740
       Unarmed           |       |       |    10 |       |       |       |       |       |       ||    10
       Broad axe         |       |       |       |    10 |    80 |  1195 |  1123 |  1390 |  2197 ||  5995
       Scimitar          |       |       |       |     4 |    17 |       |       |       |       ||    21
       Demon trident     |       |       |       |       |       |    46 |       |    45 |       ||    91
       Bite              |       |       |       |       |       |       |       |       |    88 ||    88
 Fire: Fustibalus        |       |       |       |       |     3 |       |       |       |       ||     3
Throw: Stone             |     3 |       |       |       |       |       |       |       |       ||     3
       Boomerang         |       |    12 |     7 |       |       |       |       |       |       ||    19
       Dart              |       |       |    12 |     1 |       |       |       |       |       ||    13
 Cast: Apportation       |       |       |       |       |       |       |       |       |    40 ||    40
       Blink             |       |       |       |       |       |       |       |       |     3 ||     3
Invok: Upheaval          |       |       |       |     8 |       |     8 |     8 |     6 |    41 ||    71
       Elemental Force   |       |       |       |     2 |       |     3 |       |     1 |     1 ||     7
       Disaster Area     |       |       |       |       |       |     1 |       |       |       ||     1
 Abil: Evoke Blink       |       |       |       |       |       |       |       |       |     1 ||     1
Evoke: Wand              |       |       |     3 |     4 |     1 |     3 |       |       |     2 ||    13
       Box of beasts     |       |       |       |       |     1 |       |       |       |       ||     1
  Use: Scroll            |       |     4 |       |    13 |    15 |     7 |     9 |     6 |    18 ||    72
       Potion            |       |     4 |       |     5 |       |     1 |       |     1 |     8 ||    19
 Stab: Distracted        |       |       |       |       |       |     2 |       |     1 |     2 ||     5
       Held in net/web   |       |       |       |       |       |     1 |       |       |       ||     1
       Confused          |       |       |       |       |       |       |       |       |     1 ||     1
  Eat: Chunk             |       |    12 |    18 |    25 |    35 |    31 |    28 |    29 |    40 ||   218
       Ration            |       |     1 |       |     1 |     1 |     2 |     2 |     3 |    14 ||    24
Armor: Scale mail        |    38 |   121 |     6 |       |       |       |       |       |       ||   165
       Chain mail        |       |       |   167 |       |       |       |       |       |       ||   167
       Plate armour      |       |       |    38 |   236 |       |    21 |       |       |       ||   295
       Pearl dragon scal |       |       |       |    14 |   187 |   291 |   110 |   148 |   593 ||  1343
Dodge: Dodged            |    23 |    89 |    80 |   115 |   166 |   294 |   108 |   146 |   559 ||  1580
       Repelled          |       |       |       |       |    10 |    45 |    23 |     8 |    57 ||   143
Block: Kite shield       |    42 |   169 |   242 |   558 |   840 |   772 |       |       |       ||  2623
       Reflection        |       |       |       |     4 |    46 |   183 |   195 |    75 |   101 ||   604
       Tower shield      |       |       |       |       |       |   677 |  1064 |  1354 |  2847 ||  5942

Table legend:
 A = Non-vault XP
 B = Vault XP
 C = Vault XP percentage of total XP
 D = Non-vault monster count
 E = Vault monster count
 F = Vault count percentage of total count
                 A         B        C        D         E       F
            +---------+---------+-------+---------+---------+-------
      Total | 1020139 |  869739 |  46.0 |    1805 |     902 |  33.3
            +---------+---------+-------+---------+---------+-------
        D:1 |      46 |       0 |   0.0 |      25 |       0 |   0.0
        D:2 |      73 |      18 |  19.8 |      21 |       3 |  12.5
        D:3 |     338 |       3 |   0.9 |      41 |       2 |   4.7
        D:4 |     301 |       0 |   0.0 |      12 |       0 |   0.0
        D:5 |     841 |     384 |  31.3 |      23 |      11 |  32.4
        D:6 |     835 |     841 |  50.2 |      24 |       6 |  20.0
        D:7 |    1320 |     286 |  17.8 |      40 |       1 |   2.4
        D:8 |    1994 |       0 |   0.0 |      22 |       0 |   0.0
        D:9 |     939 |    2568 |  73.2 |      29 |       3 |   9.4
       D:10 |    2260 |     737 |  24.6 |      10 |      29 |  74.4
       D:11 |    7843 |   10557 |  57.4 |      55 |      38 |  40.9
       D:12 |    4740 |    1794 |  27.5 |      26 |       2 |   7.1
       D:13 |    4855 |    5068 |  51.1 |      21 |       4 |  16.0
       D:14 |    8418 |    3091 |  26.9 |      36 |       2 |   5.3
       D:15 |   11972 |    5749 |  32.4 |      45 |       7 |  13.5
     Lair:1 |    2987 |     763 |  20.3 |      10 |       6 |  37.5
     Lair:2 |    2850 |    1195 |  29.5 |      15 |       9 |  37.5
     Lair:3 |    5570 |    1281 |  18.7 |      23 |       5 |  17.9
     Lair:4 |    2432 |    2956 |  54.9 |       9 |       5 |  35.7
     Lair:5 |    6898 |     707 |   9.3 |      32 |       2 |   5.9
     Lair:6 |   14570 |   11524 |  44.2 |      43 |      23 |  34.8
   Shoals:1 |   22268 |       2 |   0.0 |      46 |       2 |   4.2
   Shoals:2 |   28473 |    9625 |  25.3 |      56 |       3 |   5.1
   Shoals:3 |   17736 |   20581 |  53.7 |      38 |      17 |  30.9
   Shoals:4 |   16466 |   18160 |  52.4 |      38 |      29 |  43.3
    Snake:1 |   12767 |       0 |   0.0 |      24 |       0 |   0.0
    Snake:2 |   12732 |    1647 |  11.5 |      26 |       1 |   3.7
    Snake:3 |   10095 |    9875 |  49.4 |      14 |      17 |  54.8
    Snake:4 |   11225 |   24946 |  69.0 |      23 |      44 |  65.7
      Orc:1 |    3721 |       0 |   0.0 |      34 |       0 |   0.0
      Orc:2 |    6096 |    9481 |  60.9 |      38 |      42 |  52.5
      Elf:1 |   19050 |    4508 |  19.1 |      29 |       9 |  23.7
      Elf:2 |   15999 |   24045 |  60.0 |      28 |      29 |  50.9
      Elf:3 |   18809 |   43336 |  69.7 |      33 |      30 |  47.6
   Vaults:1 |   32978 |   34178 |  50.9 |      54 |      49 |  47.6
   Vaults:2 |   31290 |   13235 |  29.7 |      60 |      19 |  24.1
   Vaults:3 |   45412 |   17099 |  27.4 |      74 |      13 |  14.9
   Vaults:4 |   55343 |   97154 |  63.7 |      82 |      79 |  49.1
   Vaults:5 |   24333 |   62816 |  72.1 |      37 |      45 |  54.9
    Crypt:1 |   29031 |   10616 |  26.8 |      49 |       3 |   5.8
    Crypt:2 |   19829 |       0 |   0.0 |      33 |       0 |   0.0
    Crypt:3 |   19611 |   46569 |  70.4 |      36 |      44 |  55.0
   Depths:1 |   40782 |   11361 |  21.8 |      39 |      11 |  22.0
   Depths:2 |   28343 |   19823 |  41.2 |      32 |      22 |  40.7
   Depths:3 |   50438 |   32482 |  39.2 |      61 |      41 |  40.2
   Depths:4 |   41608 |   26100 |  38.5 |      45 |      20 |  30.8
   Depths:5 |   34358 |   42381 |  55.2 |      35 |      35 |  50.0
       Hell |    2910 |       0 |   0.0 |       4 |       0 |   0.0
      Zot:1 |   55238 |       0 |   0.0 |      32 |       0 |   0.0
      Zot:2 |   80174 |       0 |   0.0 |      52 |       0 |   0.0
      Zot:3 |   79352 |       0 |   0.0 |      47 |       0 |   0.0
      Zot:4 |   23546 |   36794 |  61.0 |      14 |       9 |  39.1
      Zot:5 |   48044 |  189820 |  79.8 |      30 |      42 |  58.3
      Sewer |       0 |     143 | 100.0 |       0 |      13 | 100.0
    Ossuary |       0 |     489 | 100.0 |       0 |      38 | 100.0
      IceCv |       0 |    5453 | 100.0 |       0 |      20 | 100.0
    Volcano |       0 |    4707 | 100.0 |       0 |      13 | 100.0
   Gauntlet |       0 |    2791 | 100.0 |       0 |       5 | 100.0
            +---------+---------+-------+---------+---------+-------
